 Dungeon Crawl Stone Soup version 0.30-a0-918-g0ff054e9dc (webtiles) character file.

Game seed: 15959546236497954222

114 bande the Covered (level 4, 0/29 HPs)
             Began as a Gargoyle Fighter on Mar 20, 2023.
             Slain by Sigmund
             ... wielding a +0 scythe
              (6 damage)
             ... on level 3 of the Dungeon.
             The game lasted 00:02:34 (1672 turns).

bande the Covered (Gargoyle Fighter)                Turns: 1672, Time: 00:02:35

Health: 0/29       AC: 10    Str: 19    XL:     4   Next: 97%
Magic:  4/4        EV:  9    Int:  9    God:
Gold:   110        SH:  4    Dex: 11    Spells: 3/3 levels left

rFire   . . .      SeeInvis .    a - +0 war axe
rCold   . . .      Faith    .    c - +0 buckler
rNeg    + . .      Spirit   .    b - +0 scale mail
rPois   ∞          Reflect  .    (no helmet)
rElec   +          Rampage  .    (no cloak)
rCorr   .                        (no gloves)
Will    .....                    (no boots) Stlth
                                 (no amulet)
HPRegen 0.24/turn                (no ring)
MPRegen 0.09/turn                (no ring)

@: no status effects
A: sickness immunity, AC +3, negative energy resistance 1, electricity
resistance, torment resistance 1, petrification resistance
a: no special abilities


You were on level 3 of the Dungeon.
You visited 1 branch of the dungeon, and saw 3 of its levels.

You collected 110 gold pieces.

Inventory:

Hand Weapons
 a - a +0 war axe (weapon)
 l - a +0 flail
Armour
 b - a +0 scale mail (worn)
 c - a +0 buckler (worn)
Scrolls
 f - 4 scrolls of identify {unknown}
 g - a scroll of poison {unknown}
 i - 2 scrolls of teleportation {unknown}
 k - a scroll of amnesia {unknown}
Potions
 d - 2 potions of might
 e - 2 potions of brilliance {unknown}
 h - a potion of heal wounds {unknown}
 j - a potion of degeneration {unknown}


   Skills:
 + Level 3.8 Fighting
 + Level 3.2 Axes
 + Level 4.2 Armour
 + Level 3.6 Shields


You had 3 spell levels left.
You didn't know any spells.
Your spell library was empty.

Dungeon Overview and Level Annotations

Branches:
Dungeon (3/15)

Altars:

Shops:
D:3 =

Annotations:
D:3 1 transporter, Sigmund; kiwi3s's ghost, amateur MiBe


Innate Abilities, Weirdness & Mutations

You are immune to sickness and miasma.
Your stone body is resilient. (AC +3)
You are immune to poison.
You resist negative energy. (rN+)
You are resistant to electric shocks. (rElec)
You are resistant to unholy torment.
You are immune to petrification.


Message History

There is a transporter here.
You see here an adder corpse.
Kiwi3s's ghost says, "You will never get the ORB!"
Found a stone staircase leading down.
Sigmund the Dreaded comes into view.
He is wielding a +0 scythe.
Sigmund casts a spell at you.
You are confused.
You are too confused!
Unknown command.
Sigmund mumbles some strange words.
Sigmund flickers and vanishes!
Deactivating autopickup; reactivate with Ctrl-A.
You hear a shout!
You bump into the rock wall.
You bump into the rock wall.
You feel less confused.
A puff of flame appears from out of thin air!
The puff of flame hits you but does no damage.
Something hits you but does no damage.
You miss something. Something hits you.
You hit something but do no damage.
An orc comes into view. It is wielding a +0 whip.
Something hits you.
You closely miss something.
You hear some strange, mumbled words.
A magic dart appears from out of thin air!
The magic dart hits you.
You barely miss something.
You hear some strange, mumbled words.
Something tries to affect you, but you resist.
The orc hits you with a +0 whip.
You closely miss something. You barely miss the orc.
You hear some strange, mumbled words.
A magic dart appears from out of thin air!
The magic dart hits you but does no damage.
The orc hits you but does no damage. Something hits you!
* * * LOW HITPOINT WARNING * * *
You closely miss something. You barely miss the orc. The orc barely misses you.
You miss something. You hit the orc but do no damage. Something hits you.
You die...

###...#.........#..###
.....##8SbW..8##.....
.....#########...##.
#.......©..........
#.............##..
#..>#...#######.##
#.....### #.†.#
#...### #.#.## #@..#
#.##..
.######{o.####>.. .
#.∩
..{................
##. ..#####..##.##.###
#. #..# .# ## #..# #
#..# .... ###.#


You could see kiwi3s's ghost, an orc, a bat and a ball python.

Vanquished Creatures
  3 adders
  2 worms (D:2)
  2 dart slugs (D:1)
  9 orcs
  4 bats (D:2)
  4 endoplasms (D:1)
  4 giant cockroaches
  9 goblins
  6 hobgoblins
  5 kobolds
  5 quokkas
  A ball python (D:1)
  3 frilled lizards
  5 rats
62 creatures vanquished.

Notes
Turn   | Place    | Note
-------+----------+-------------------------------------------
     0 | D:1      | bande the Gargoyle Fighter began the quest for the Orb.
     0 | D:1      | Reached XP level 1. HP: 14/14 MP: 1/1
   209 | D:1      | Reached XP level 2. HP: 19/19 MP: 2/2
   393 | D:1      | Reached XP level 3. HP: 18/23 MP: 3/3
  1015 | D:2      | Reached skill level 4 in Armour
  1039 | D:2      | Reached XP level 4. HP: 29/29 MP: 4/4
  1585 | D:3      | Noticed kiwi3s's ghost (amateur MiBe)
  1609 | D:3      | Found Wautz's Jewellery Boutique.
  1626 | D:3      | Found a transporter.
  1656 | D:3      | Noticed Sigmund
  1672 | D:3      | Slain by Sigmund

Illustrated notes

Levels and vault maps discovered:
D:1:      evilmike_arrival_rings, layout_basic, hex_medium
D:2:      layout_basic
D:3:      layout_loops_ring, mainiacjoe_overflow_chevrons,
          gammafunk_ghost_arena, serial_shops, shop,
          hangedman_abyss_or_decor_lesser_grid, uniq_sigmund, uniq_robin

Skill      XL: |  1  2  3  4 |
---------------+-------------+-----
Axes           | 2 3 |  3.2
Armour         | 4 |  4.2
Fighting       | |  3.8
Shields        | |  3.6

Action                     |  1- 3 |  4- 6 || total
---------------------------+-------+-------++-------
  Melee: War axe           |    86 |    71 ||   157
 Armour: Scale mail        |    54 |    35 ||    89
  Dodge: Dodged            |    43 |    30 ||    73
  Block: Buckler           |    16 |    15 ||    31

Table legend: (Time is in decaauts)
 A = Elapsed time spent in this place.
 B = Non-inter-level travel time spent in this place.
 C = Inter-level travel time spent in this place.
 D = Time resting spent in this place.
 E = Time spent auto-exploring this place.
 F = Levels seen in this place.
 G = Mean time per level.
                   A        B        C        D        E       F      G
               +--------+--------+--------+--------+--------+-----+--------+
         Total |   1735 |   1675 |     60 |      0 |   1296 |   3 |  578.3 |
       Dungeon |   1735 |   1675 |     60 |      0 |   1296 |   3 |  578.3 |
               +--------+--------+--------+--------+--------+-----+--------+

Top non-repeatable levels by time:
     D:1: 949 daAuts
     D:2: 566 daAuts
     D:3: 219 daAuts
